Map: 2000 Atmospheres LE

Players

Slam

  • Race: Zerg Zerg
  • League: Master
  • Spawn Location: 7:00

Pumba - Winner!

  • Race: Zerg Zerg
  • League: Master
  • Spawn Location: 3:00

VOD

Have the link to the VOD?

Description

Time

  • Played on: Sept. 14, 2021, 10:18 p.m.
  • Length: 10:15
Show
View Real Time Build Order
Export as new Build Order

Slam Zerg 

Build Orders: Hatch First 

Get SALT Encoding   

  12  0:01  Drone  
  13  0:13  Overlord  
  13  0:18  Drone  
  14  0:32  Drone x2  
  16  0:49  Hatchery  
  15  0:52  Drone  
  16  0:58  Drone  
  16  1:00  Drone  
  18  1:12  Extractor  
  18  1:16  Spawning Pool  
  16  1:19  Drone  
  16  1:22  Drone  
  18  1:32  Drone  
  19  1:41  Drone  
  20  1:52  Overlord  
  20  2:05  Drone  
  20  2:06  Queen x2  
  20  2:08  Zergling x2  
  26  2:15  Metabolic Boost  
  26  2:17  Drone x2  
  28  2:24  Drone x2  
  30  2:36  Zergling x4  
  32  2:43  Baneling Nest  
  31  3:00  Drone  
  31  3:02  Queen  
  31  3:03  Overlord  
  34  3:09  Drone  
  34  3:10  Drone  
  34  3:21  Hatchery  
  34  3:22  Zergling x6  
  34  3:23  Zergling x2  
  37  3:28  Drone x3  
  37  3:33  Overlord  
  40  3:38  Drone x2  
  42  3:44  Overlord  
  42  3:46  Zergling x2  
  43  3:50  Overlord  
  43  3:56  Baneling  
  43  3:59  Evolution Chamber  
  42  4:03  Drone x4  
  42  4:08  Drone  
  45  4:13  Roach Warren  
  45  4:14  Drone x4  
  45  4:15  Extractor  
  47  4:19  Overlord  
  47  4:25  Lair  
  47  4:30  Drone x3  
  50  4:31  Extractor  
  50  4:35  Drone, Extractor  
  48  4:46  Drone x6  
  48  4:47  Drone  
  54  4:55  Zerg Missile Weapons Level 1  
  54  4:56  Drone x2  
  54  4:57  Drone  
  56  5:07  Drone x5  
  56  5:08  Drone x3  
  64  5:15  Zergling x6  
  64  5:19  Baneling x2  
  67  5:24  Spine Crawler  
  67  5:25  Glial Reconstitution  
  65  5:36  Roach x4  
  65  5:41  Drone x6  
  76  5:48  Roach x3  
  82  5:50  Overlord x2  
  82  6:07  Overlord x2  
  82  6:13  Roach x5  
  82  6:17  Pneumatized Carapace  
  92  6:20  Overlord  
  92  6:21  Hatchery, Roach x2  
  95  6:27  Drone, Extractor  
  95  6:28  Drone x2  
  95  6:29  Drone x3  
  100  6:33  Ravager x2  
  100  6:35  Ravager x2  
  102  6:43  Tunneling Claws  
  101  6:47  Burrow  
  101  6:56  Roach x3  
  101  6:57  Roach x3  
  101  6:58  Overlord x3  
  101  7:00  Extractor  
  112  7:12  Roach x4  
  112  7:13  Overlord x3  
  112  7:14  Overlord  
  120  7:20  Zerg Missile Weapons Level 2  
  120  7:21  Overlord x3  
  121  7:22  Drone  
  121  7:23  Drone  
  121  7:24  Overseer  
  121  7:29  Roach x4  
  130  7:42  Roach  
  130  7:43  Roach x7  
  146  7:50  Overseer  
  146  7:56  Roach x6  
  150  8:14  Roach x6  
  150  8:18  Roach x15  
  142  8:21  Ravager  
  142  8:22  Ravager x2  
  145  8:27  Roach  
  145  8:28  Roach x5  
  138  8:40  Roach x2  
  138  8:41  Roach x6  
  150  8:55  Ravager x2  
  145  8:56  Ravager  
  145  9:03  Ravager  
  145  9:04  Queen  
  148  9:17  Roach  
  139  9:22  Roach x3  
  139  9:23  Roach x10  
  165  9:32  Roach x5  
  165  9:35  Extractor  
  165  9:36  Extractor  
  173  9:41  Roach  
  173  9:42  Roach  
  173  9:43  Roach x2  
  170  9:51  Roach x5  
  170  9:52  Roach x2  
  151  9:56  Ravager  
Show
View Real Time Build Order
Export as new Build Order

Pumba Zerg - Winner!

Build Orders: Hatch First 

Get SALT Encoding   

  12  0:00  Drone  
  13  0:13  Overlord  
  13  0:16  Drone  
  14  0:31  Drone x2  
  17  0:35  Drone  
  17  0:52  Hatchery  
  17  0:55  Drone  
  17  0:58  Drone  
  18  1:10  Extractor  
  17  1:13  Spawning Pool  
  17  1:15  Drone  
  17  1:18  Drone  
  18  1:29  Drone  
  19  1:40  Drone  
  20  1:54  Overlord  
  20  2:01  Queen  
  20  2:04  Zergling x2, Queen  
  20  2:05  Zergling x2  
  26  2:12  Drone  
  26  2:15  Drone  
  28  2:16  Metabolic Boost  
  28  2:22  Drone  
  29  2:26  Drone  
  30  2:35  Drone  
  31  2:40  Hatchery  
  30  2:44  Drone  
  30  2:45  Drone  
  30  2:50  Baneling Nest  
  31  2:54  Overlord  
  31  3:02  Zergling x2  
  32  3:06  Drone  
  32  3:10  Overlord  
  32  3:21  Drone x5  
  32  3:25  Queen  
  39  3:37  Baneling x2  
  39  3:40  Zergling x4  
  41  3:41  Zergling x2  
  41  3:44  Overlord  
  41  3:47  Zergling x4  
  43  3:55  Zergling x4  
  45  4:04  Baneling  
  45  4:08  Drone x6  
  50  4:13  Lair  
  50  4:15  Drone x4, Evolution Chamber  
  50  4:17  Roach Warren  
  52  4:22  Baneling  
  52  4:30  Drone x3, Extractor x2  
  53  4:31  Drone x2  
  49  4:46  Zergling x4  
  49  4:50  Zergling x4  
  51  4:58  Drone x2  
  51  4:59  Drone  
  54  5:00  Queen, Overlord  
  54  5:05  Baneling  
  56  5:13  Baneling  
  57  5:14  Glial Reconstitution, Drone x2  
  57  5:17  Drone x5  
  57  5:18  Extractor  
  57  5:20  Extractor  
  61  5:21  Overseer  
  61  5:34  Drone x2  
  61  5:35  Drone x2  
  64  5:37  Drone  
  64  5:38  Extractor  
  61  5:45  Roach x5  
  61  5:49  Drone x3  
  74  5:51  Overlord x2  
  74  5:57  Overlord  
  74  6:11  Drone x8  
  82  6:16  Drone  
  82  6:18  Infestation Pit, Zerg Missile Weapons Level 1  
  83  6:21  Drone  
  83  6:22  Overlord  
  83  6:24  Overlord x3  
  83  6:28  Roach  
  83  6:31  Spine Crawler  
  84  6:33  Roach  
  84  6:34  Roach  
  84  6:39  Roach x2  
  92  6:44  Zergling x2  
  92  6:45  Roach x7  
  107  6:51  Overlord  
  107  6:59  Pathogen Glands  
  107  7:00  Pneumatized Carapace  
  107  7:01  Drone  
  107  7:03  Roach x3  
  107  7:04  Ravager  
  107  7:05  Ravager x3  
  118  7:17  Roach x6  
  130  7:23  Hatchery, Overlord x2  
  130  7:24  Overlord  
  128  7:43  Roach x12  
  152  7:46  Overlord x2  
  150  8:06  Roach x7  
  150  8:07  Overseer  
  150  8:12  Roach  
  149  8:24  Roach x10  
  169  8:40  Overseer  
  167  8:42  Spine Crawler  
  167  8:43  Spine Crawler x2  
  167  8:44  Drone x3  
  167  9:01  Infestor  
  167  9:02  Infestor x3  
  175  9:05  Overlord x4  
  175  9:06  Overlord x2  
  175  9:09  Extractor  
  174  9:13  Extractor  
  173  9:29  Roach x11  
  173  9:30  Ravager x3  
  196  9:50  Roach x8  
  187  9:55  Roach x3  
Tags
 
Add a new tag
Caveats
  • Supply blocks, unpowered buildings, or Contaminate may cause inaccurate times.
  • Supply counts are checked every 10 seconds.